 Dungeon Crawl Stone Soup version 0.30-a0-737-gf23d94013f (webtiles) character file.

Game seed: 2580155057510337507

344 jimonade the Magician (level 6, -1/41 HPs)
             Began as a Djinni Hedge Wizard on Feb 3, 2023.
             Slain by a water moccasin zombie (4 damage)
             ... in an ossuary.
             The game lasted 00:07:42 (4030 turns).

jimonade the Magician (Djinni Hedge Wizard)         Turns: 4030, Time: 00:07:42

Health: -1/41      AC:  2    Str: 11    XL:     6   Next: 89%
Gold:   133        EV: 13    Int: 15    God:
                   SH:  0    Dex: 19

rFire   + + .      SeeInvis .    a - +0 dagger (venom)
rCold   x . .      Faith    .    (no shield)
rNeg    . . .      Spirit   .    b - +0 robe
rPois   ∞          Reflect  .    c - +0 hat
rElec   .          Harm     .    (no cloak)
rCorr   .          Rampage  .    (no gloves)
Will    .....                    (boots unavailable)
Stlth   ++                       (no amulet)
HPRegen 0.26/turn                m - +6 ring of dexterity
MPRegen 0.00/turn                (no ring)

@: flying
A: sickness immunity, fire resistance 2, cold vulnerability 1, float, innate
caster, HP casting, extra vitality 1
a: no special abilities


You were in an ossuary.
You visited 1 branch of the dungeon, and saw 4 of its levels.
You also visited: Ossuary.

You collected 133 gold pieces.

Inventory:

Hand Weapons
 a - a +0 dagger of venom (weapon)
 n - a +0 dagger
 t - a +0 sling
Missiles
 B - 6 poisoned darts
Armour
 b - a +0 robe (worn)
 c - a +0 hat (worn)
 s - a +0 leather armour
Jewellery
 m - a +6 ring of dexterity (left hand)
Wands
 u - a wand of flame (20)
 x - a wand of charming (13)
 A - a wand of polymorph (4)
Scrolls
 e - 2 scrolls of enchant armour {unknown}
 h - a scroll of torment {unknown}
 i - 6 scrolls of identify {unknown}
 j - a scroll of vulnerability {unknown}
 o - 3 scrolls of teleportation {unknown}
 v - a scroll of fog {unknown}
 y - a scroll of noise {unknown}
Potions
 d - 2 potions of magic
 f - 4 potions of curing {unknown}
 g - 2 potions of degeneration {unknown}
 k - 2 potions of heal wounds {unknown}
 l - a potion of ambrosia {unknown}
 p - a potion of lignification {unknown}
 q - a potion of mutation {unknown}
 r - 2 potions of attraction {unknown}
 w - a potion of brilliance {unknown}
 z - a potion of resistance {unknown}


   Skills:
 + Level 0.6 Fighting
 + Level 1.2 Short Blades
 + Level 3.1 Dodging
 - Level 1.5 Stealth
 * Level 5.0 Spellcasting


You had 3 spell levels left.
You knew the following spells:

 Your Spells              Type           Power      Damage    Failure   Level
a - Magic Dart            Conj           76%        1d6       1%          1
b - Slow                  Hex            76%        N/A       1%          1
c - Blink                 Tloc           38%        N/A       3%          2
d - Call Imp              Summ           19%        N/A       3%          2
e - Mephitic Cloud        Conj/Pois/Air  19%        N/A       6%          3
f - Sting                 Tmut/Pois      76%        1d6       1%          1
g - Ensorcelled Hibernat  Hex/Ice        38%        N/A       3%          2
Your spell library was empty.

Dungeon Overview and Level Annotations

Branches:
Dungeon (4/15)            Ossuary (1/1)
 Temple: D:4-7

Altars:
Cheibriados
Dithmenos

Shops:
D:4 (

Annotations:
D:4 exclusions: 2 lemures and ogre, Dowan, Duvessa


Innate Abilities, Weirdness & Mutations

You are immune to sickness and miasma.
You are immune to poison.
Your flesh is very heat resistant. (rF++)
You are vulnerable to cold. (rC-)
You float through the air rather than walking.
You learn spells naturally, not from books.
Your magical power is your life essence.
You have superior vitality. (+4 MHP)


Message History

Press: ? - help, Q - select action, (/) - cycle Shift-Dir - straight line, f/p - water moccasin zombie
Aim: a water moccasin zombie (severely damaged, 100% to hit)
The magic dart hits the water moccasin zombie.
The water moccasin zombie is severely damaged.
* * * LOW HITPOINT WARNING * * *
The water moccasin zombie misses you.
Your white imp hits the gnoll zombie.
Your white imp freezes the gnoll zombie.
The gnoll zombie resists.
The gnoll zombie hits your white imp. x2
Aiming: Magic Dart (safe; 1% risk of failure)
Press: ? - help, Q - select action, (/) - cycle Shift-Dir - straight line, f/p - water moccasin zombie
Aim: a water moccasin zombie (severely damaged, 100% to hit)
The magic dart hits the water moccasin zombie.
The water moccasin zombie is almost destroyed.
* * * LOW HITPOINT WARNING * * *
The water moccasin zombie misses you.
Your white imp hits the gnoll zombie.
Your white imp freezes the gnoll zombie.
The gnoll zombie resists.
The water moccasin zombie closely misses you.
The gnoll zombie hits your white imp but does no damage.
You don't have enough health to cast this spell.
The gnoll zombie barely misses your white imp.
The water moccasin zombie barely misses you.
Your white imp gestures at the gnoll zombie.
The puff of frost hits the gnoll zombie.
The gnoll zombie resists.
The gnoll zombie is destroyed!
The water moccasin zombie attacks as you move away!
The water moccasin zombie misses you.
The gnoll zombie hits your white imp but does no damage.
Your white imp hits the adder zombie.
Your white imp freezes the adder zombie.
The adder zombie completely resists.
The gnoll zombie closely misses your white imp.
The water moccasin zombie attacks as you move away!
The water moccasin zombie bites you but does no damage.
There is an open door here.
You closely miss the water moccasin zombie.
The water moccasin zombie is almost destroyed.
The water moccasin zombie bites you.
You die...

######################
#∩..#.ZZ@....'...'...#
#...#5..#....#...#...#
#...'...#....#...#...#
###'##############'###
#...# #...# #...#
#...# #..Z# #...#
#...# #...# ###Z#
###'#


You could see an adder zombie, a water moccasin zombie (ally target) and a
friendly white imp (summoned).

Vanquished Creatures
  A scorpion (D:4)
  An orc wizard (D:3)
  3 adders
  3 adder zombies (Ossuary)
  A worm (D:3)
  3 dart slugs
  3 orcs (D:3)
  4 endoplasms
  3 giant cockroaches
  2 gnoll zombies (Ossuary)
  9 goblins
  7 hobgoblins
  8 jackals
  5 quokkas
  8 ball pythons
  6 bats
  3 frilled lizards
  11 kobolds
  2 kobold zombies (Ossuary)
  6 rats
89 creatures vanquished.

Vanquished Creatures (collateral kills)
  2 water moccasin zombies (Ossuary)
  2 adder zombies (Ossuary)
  3 gnoll zombies (Ossuary)
  3 hobgoblin zombies (Ossuary)
  3 kobold zombies (Ossuary)
  4 orc zombies (Ossuary)
17 creatures vanquished.

Grand Total: 106 creatures vanquished

Notes
Turn   | Place    | Note
-------+----------+-------------------------------------------
     0 | D:1      | jimonade the Djinni Hedge Wizard began the quest for the
                  | Orb.
     0 | D:1      | jimonade set off with the following spells memorised: Magic
                  | Dart, Slow, Blink, Call Imp, Mephitic Cloud.
     0 | D:1      | Reached XP level 1. HP: 15/15 MP: 0/0
   129 | D:1      | Reached XP level 2. HP: 17/21 MP: 0/0
   341 | D:1      | Found a faded altar of an unknown god.
   472 | D:1      | Reached skill level 3 in Spellcasting
   542 | D:1      | Reached XP level 3. HP: 23/25 MP: 0/0
   542 | D:1      | Learned a level 1 spell: Sting
  1445 | D:2      | Reached XP level 4. HP: 31/31 MP: 0/0
  2282 | D:3      | Reached XP level 5. HP: 26/35 MP: 0/0
  2282 | D:3      | Learned a level 2 spell: Ensorcelled Hibernation
  2334 | D:3      | Reached skill level 4 in Spellcasting
  2642 | D:3      | Found a shadowy altar of Dithmenos.
  2816 | D:4      | Noticed a lemure
  2816 | D:4      | Noticed a lemure
  2897 | D:4      | Found Ihoeb's Weapon Emporium.
  2907 | D:4      | Reached XP level 6. HP: 22/40 MP: 0/0
  3033 | D:4      | Noticed an ogre
  3113 | D:4      | Noticed Duvessa
  3113 | D:4      | Noticed Dowan
  3124 | D:4      | Found a snail-covered altar of Cheibriados.
  3139 | D:4      | Found a sand-covered staircase.
  3145 | Ossuary  | Entered an ossuary
  3875 | Ossuary  | Reached skill level 1 in Short Blades
  3919 | Ossuary  | Reached skill level 5 in Spellcasting
  4030 | Ossuary  | Slain by a water moccasin zombie

Illustrated notes

Levels and vault maps discovered:
D:1:      shiori_arrival_oz, layout_basic, shapermc_ecumenical_altar_petra
D:2:      layout_basic, basic_altar
D:3:      layout_rooms, nicolae_dithmenos_the_darkroom
D:4:      nicolae_cairo_tiling, layout_loops_cross, mainiacjoe_overflow_paths,
          mainiacjoe_overflow_surrounded_room, serial_shops,
          nicolae_shop_bloodbath_and_beyond, kennysheep_little_box, shop,
          nicolae_ossuary_entry_false_entrances, uniq_duvessa, uniq_natasha,
          uniq_pikel
Ossuary:  ossuary_tomb_2

Skill      XL: |  1  2  3  4  5  6 |
---------------+-------------------+-----
Spellcasting   | 3 4 5 |  5.0
Dodging        | 3 |  3.1
Short Blades   | 1 |  1.2
Fighting       | |  0.6
Stealth        | |  1.5

Action                     |  1- 3 |  4- 6 || total
---------------------------+-------+-------++-------
  Melee: Dagger            |    40 |   120 ||   160
         Punch             |       |     1 ||     1
   Cast: Magic Dart        |    70 |    95 ||   165
         Call Imp          |       |     9 ||     9
         Blink             |       |     2 ||     2
   Stab: Sleeping          |       |     4 ||     4
 Armour: Robe              |    14 |    27 ||    41
  Dodge: Dodged            |    22 |    98 ||   120

Table legend: (Time is in decaauts)
 A = Elapsed time spent in this place.
 B = Non-inter-level travel time spent in this place.
 C = Inter-level travel time spent in this place.
 D = Time resting spent in this place.
 E = Time spent auto-exploring this place.
 F = Levels seen in this place.
 G = Mean time per level.
                   A        B        C        D        E       F      G
               +--------+--------+--------+--------+--------+-----+--------+
         Total |   4024 |   3753 |    271 |    542 |   2521 |   5 |  804.8 |
       Dungeon |   3143 |   2872 |    271 |      0 |   2382 |   4 |  785.8 |
       Ossuary |    881 |    881 |      0 |    542 |    139 |   1 |  881.0 |
               +--------+--------+--------+--------+--------+-----+--------+

Top non-repeatable levels by time:
     D:1: 1084 daAuts
     D:2: 1040 daAuts
 Ossuary: 881 daAuts
     D:3: 669 daAuts
     D:4: 348 daAuts
